PBL
PORTLAND ANGELS @ MIAMI BEACH MARLINS
05/19/2048
 
TOP OF THE 1ST
Portland Angels batting - Pitching for Miami Beach Marlins : RHP Conrad Chasar
Pitching: RHP Conrad Chasar
Batting: RHB Ivan Barrientos 0-0: Called Strike
0-1: Fly out, F8 (Flyball, 78M, EV 89.4 MPH)
Batting: RHB Steve Neely 0-0: Called Strike
0-1: Ball
1-1: Ball
2-1: Foul Ball, location: 2F
2-2: Foul Ball, location: 2F
2-2: Strikes out swinging
Batting: LHB Pavla Markianov 0-0: Ball
1-0: Called Strike
1-1: Ball
2-1: Ball
3-1: Base on Balls
Batting: RHB Kyler Seitz 0-0: Ball
1-0: Fielders Choice at 2nd, 6-4 (Groundball, 56, EV 89.4 MPH)
Top of the 1st over - 0 runs, 0 hits, 0 errors, 1 left on base; Portland 0 - Miami Beach 0
BOTTOM OF THE 1ST
Miami Beach Marlins batting - Pitching for Portland Angels : LHP Randy Boutilier
Pitching: LHP Randy Boutilier
Batting: SHB Emmet Brickowski 0-0: Called Strike
0-1: Ball
1-1: Called Strike
1-2: Fly out, F6 (Popup, 6MS, EV 74.4 MPH)
Batting: RHB Torquato Uso 0-0: Ball
1-0: Called Strike
1-1: Ball
2-1: SOLO HOME RUN (Flyball, 78XD, EV 115.0 MPH), Distance : 442 ft
Batting: LHB Luis Ortegon 0-0: Called Strike
0-1: Ball
1-1: Ball
2-1: Foul Ball, location: 2F
2-2: SINGLE (Line Drive, 9S, EV 103.8 MPH)
Batting: RHB Scott Talbot 0-0: Foul Ball, location: 2F
0-1: Foul Ball, location: 2F
0-2: Foul Ball, location: 2F
0-2: Fly out, F3 (Line Drive, 34, EV 70.6 MPH)
Lined into DP, U3 (Line Drive, 34, EV 65.0 MPH)
Bottom of the 1st over - 1 run, 2 hits, 0 errors, 0 left on base; Portland 0 - Miami Beach 1
TOP OF THE 2ND
Portland Angels batting - Pitching for Miami Beach Marlins : RHP Conrad Chasar
Batting: RHB Alex Rosaly 0-0: Called Strike
0-1: Called Strike
0-2: Strikes out swinging
Batting: RHB Jesse Sargent 0-0: Ball
1-0: Swinging Strike
1-1: Ball
2-1: Ball
3-1: Called Strike
3-2: Foul Ball, location: 2F
3-2: Fly out, F9 (Line Drive, 89M, EV 102.5 MPH)
Batting: LHB Doug Nebel 0-0: Foul Ball, location: 2F
0-1: Ball
1-1: Ball
2-1: Swinging Strike
2-2: Foul Ball, location: 2F
2-2: Strikes out swinging
Top of the 2nd over - 0 runs, 0 hits, 0 errors, 0 left on base; Portland 0 - Miami Beach 1
BOTTOM OF THE 2ND
Miami Beach Marlins batting - Pitching for Portland Angels : LHP Randy Boutilier
Batting: RHB Corbin Chauvin 0-0: DOUBLE (Line Drive, 9LS, EV 98.1 MPH)
Batting: RHB Christian Gentille 0-0: Ball
1-0: Foul Ball, location: 2F
1-1: Foul Ball, location: 2F
1-2: Strikes out swinging
Batting: LHB Henry Huezo 0-0: Ball
1-0: Fly out, F8 (Flyball, 8LXD, EV 90.6 MPH)
Runner from 2nd tags up, SAFE at 3rd, no throw by CF
Batting: RHB Francisco Valenzuela 0-0: Swinging Strike
0-1: Foul Ball, location: 2F
0-2: Ball
1-2: Ball
2-2: Foul Ball, location: 2F
2-2: Ball
3-2: Foul Ball, location: 2F
3-2: Strikes out swinging
Bottom of the 2nd over - 0 runs, 1 hit, 0 errors, 1 left on base; Portland 0 - Miami Beach 1
TOP OF THE 3RD
Portland Angels batting - Pitching for Miami Beach Marlins : RHP Conrad Chasar
Batting: SHB Manuel Martinez 0-0: Called Strike
0-1: Ball
1-1: Ball
2-1: Swinging Strike
2-2: Ball
3-2: Base on Balls
Batting: LHB David Coatney 0-0: Ball
1-0: Grounds into double play, 5-4-3 (Groundball, 5, EV 81.2 MPH)
Batting: RHB Ivan Barrientos 0-0: Ball
1-0: Ball
2-0: Ground out 6-3 (Groundball, 6, EV 99.4 MPH)
Top of the 3rd over - 0 runs, 0 hits, 0 errors, 0 left on base; Portland 0 - Miami Beach 1
BOTTOM OF THE 3RD
Miami Beach Marlins batting - Pitching for Portland Angels : LHP Randy Boutilier
Batting: RHB Hektor Luvian 0-0: Called Strike
0-1: Ball
1-1: Foul Ball, location: 2F
1-2: Foul Ball, location: 2F
1-2: Strikes out swinging
Batting: SHB Emmet Brickowski 0-0: Ball
1-0: Reached on error, E3 (Groundball, 23, EV 88.8 MPH)
Batting: RHB Torquato Uso 0-0: Foul Ball, location: 2F
0-1: Foul Ball, location: 2F
0-2: Ball
1-2: Fly out, F8 (Flyball, 8RD, EV 93.8 MPH)
Batting: LHB Luis Ortegon 0-0: Ball
1-0: Called Strike
Emmet Brickowski steals 2nd base
1-1: Swinging Strike
1-2: Fly out, F7 (Line Drive, 78S, EV 108.1 MPH)
Bottom of the 3rd over - 0 runs, 0 hits, 1 error, 1 left on base; Portland 0 - Miami Beach 1
TOP OF THE 4TH
Portland Angels batting - Pitching for Miami Beach Marlins : RHP Conrad Chasar
Batting: RHB Steve Neely 0-0: Ball
1-0: Swinging Strike
1-1: Swinging Strike
1-2: Ball
2-2: Ground out 4-3 (Groundball, 4, EV 85.0 MPH)
Batting: LHB Pavla Markianov 0-0: Ball
1-0: Called Strike
1-1: Foul Ball, location: 2F
1-2: Strikes out swinging
Batting: RHB Kyler Seitz 0-0: Called Strike
0-1: Foul Ball, location: 2F
0-2: Ball
1-2: Ball
2-2: Ball
3-2: Base on Balls
Batting: RHB Alex Rosaly 0-0: Ball
1-0: Foul Ball, location: 2F
1-1: Reached on error, E6 (Groundball, 6, EV 104.4 MPH)
Kyler Seitz to second
Batting: RHB Jesse Sargent 0-0: Foul Ball, location: 2F
0-1: Foul Ball, location: 2F
0-2: Foul Ball, location: 2F
0-2: Strikes out looking
Top of the 4th over - 0 runs, 0 hits, 1 error, 2 left on base; Portland 0 - Miami Beach 1
BOTTOM OF THE 4TH
Miami Beach Marlins batting - Pitching for Portland Angels : LHP Randy Boutilier
Batting: RHB Scott Talbot 0-0: Ball
1-0: Ball
2-0: Ball
3-0: Called Strike
3-1: Base on Balls
Batting: RHB Corbin Chauvin 0-0: Ball
1-0: Called Strike
1-1: Foul Ball, location: 2F
1-2: Strikes out looking
Batting: RHB Christian Gentille 0-0: Swinging Strike
0-1: Ball
1-1: Swinging Strike
1-2: Ball
2-2: Ball
3-2: Foul Ball, location: 2F
3-2: Fly out, F8 (Flyball, 8LM, EV 91.2 MPH)
Batting: LHB Henry Huezo 0-0: Fly out, F9 (Flyball, 9, EV 86.9 MPH)
Bottom of the 4th over - 0 runs, 0 hits, 0 errors, 1 left on base; Portland 0 - Miami Beach 1
TOP OF THE 5TH
Portland Angels batting - Pitching for Miami Beach Marlins : RHP Conrad Chasar
Batting: LHB Doug Nebel 0-0: Foul Ball, location: 2F
0-1: SINGLE (Groundball, 4MD, EV 108.1 MPH)
Batting: SHB Manuel Martinez 0-0: Ball
1-0: Ball
2-0: Called Strike
2-1: Ball
3-1: Base on Balls
Doug Nebel to second
Batting: LHB David Coatney 0-0: SINGLE (Groundball, 56D, EV 93.8 MPH)
Doug Nebel to third
Manuel Martinez to second
Runner from 3rd tries for Home, throw by LF and OUT! 7-2
Batting: RHB Ivan Barrientos 0-0: Ball
1-0: Called Strike
1-1: Ball
2-1: Called Strike
2-2: Fielders Choice at 2nd, 1-6 (Groundball, 13S, EV 69.4 MPH)
Manuel Martinez to third
Batting: RHB Steve Neely 0-0: SINGLE (Line Drive, 7S, EV 105.0 MPH)
Manuel Martinez scores
Ivan Barrientos to second
Batting: LHB Pavla Markianov 0-0: Swinging Strike
0-1: Foul Ball, location: 2F
0-2: Ball
1-2: Ball
2-2: Foul Ball, location: 2F
2-2: Ball
3-2: Foul Ball, location: 2F
3-2: Foul Ball, location: 2F
3-2: Foul Ball, location: 2F
3-2: Fly out, F9 (Flyball, 9LSF, EV 87.5 MPH)
Top of the 5th over - 1 run, 3 hits, 0 errors, 2 left on base; Portland 1 - Miami Beach 1
BOTTOM OF THE 5TH
Miami Beach Marlins batting - Pitching for Portland Angels : LHP Randy Boutilier
Batting: RHB Francisco Valenzuela 0-0: Reached on error, E4 (Groundball, 4MD, EV 97.5 MPH)
Batting: RHB Hektor Luvian 0-0: Foul Ball, location: 2F
0-1: Called Strike
0-2: Strikes out swinging
Batting: SHB Emmet Brickowski 0-0: Foul Ball, location: 2F
0-1: Foul Ball, location: 2F
0-2: Ball
1-2: Ball
2-2: Strikes out swinging
Batting: RHB Torquato Uso 0-0: Called Strike
0-1: Foul Ball, location: 2F
0-2: Foul Ball, location: 2F
0-2: Ball
1-2: Foul Ball, location: 2F
1-2: Strikes out looking
Bottom of the 5th over - 0 runs, 0 hits, 1 error, 1 left on base; Portland 1 - Miami Beach 1
TOP OF THE 6TH
Portland Angels batting - Pitching for Miami Beach Marlins : RHP Conrad Chasar
Batting: RHB Kyler Seitz 0-0: Swinging Strike
0-1: Ball
1-1: Ball
2-1: Called Strike
2-2: Strikes out swinging, 2-3 out at first.
Batting: RHB Alex Rosaly 0-0: Ball
1-0: Ball
2-0: SINGLE (Groundball, 15S, EV 69.4 MPH) (infield hit)
Pinch Runner at 1st Shawn Jansen:
Batting: RHB Jesse Sargent 0-0: Swinging Strike
0-1: Ball
1-1: Foul Ball, location: 2F
1-2: Foul Ball, location: 2F
1-2: Foul Ball, location: 2F
1-2: Ground out 5-3 (Groundball, 5S, EV 76.2 MPH)
Shawn Jansen to second
Batting: LHB Doug Nebel 0-0: Ball
1-0: Foul Ball, location: 2F
1-1: Ball
2-1: Fly out, F8 (Flyball, 8LXD, EV 100.6 MPH)
Top of the 6th over - 0 runs, 1 hit, 0 errors, 1 left on base; Portland 1 - Miami Beach 1
BOTTOM OF THE 6TH
Miami Beach Marlins batting - Pitching for Portland Angels : LHP Randy Boutilier
Now at 2B: John Harvey
Batting: LHB Luis Ortegon 0-0: Called Strike
0-1: Foul Ball, location: 2F
0-2: Ground out 6-3 (Groundball, 56D, EV 85.0 MPH)
Pitching: RHP David Celestine
Batting: RHB Scott Talbot 0-0: Swinging Strike
0-1: Ball
1-1: Called Strike
1-2: Foul Ball, location: 2F
1-2: Ball
2-2: Foul Ball, location: 2F
2-2: Foul Ball, location: 2F
2-2: Fly out, F9 (Flyball, 9, EV 82.5 MPH)
Batting: RHB Corbin Chauvin 0-0: Called Strike
0-1: Foul Ball, location: 2F
0-2: Strikes out looking
Bottom of the 6th over - 0 runs, 0 hits, 0 errors, 0 left on base; Portland 1 - Miami Beach 1
TOP OF THE 7TH
Portland Angels batting - Pitching for Miami Beach Marlins : RHP Conrad Chasar
Pitching: RHP Freddie Robe
Batting: SHB Manuel Martinez 0-0: Called Strike
0-1: Swinging Strike
0-2: Ball
1-2: Strikes out swinging
Batting: LHB David Coatney 0-0: Ball
1-0: Ball
2-0: Foul Ball, location: 2F
2-1: Foul Ball, location: 2F
2-2: Strikes out swinging
Batting: RHB Ivan Barrientos 0-0: Called Strike
0-1: Ball
1-1: Called Strike
1-2: Ball
2-2: Ball
3-2: Strikes out swinging
Top of the 7th over - 0 runs, 0 hits, 0 errors, 0 left on base; Portland 1 - Miami Beach 1
BOTTOM OF THE 7TH
Miami Beach Marlins batting - Pitching for Portland Angels : RHP David Celestine
Batting: RHB Christian Gentille 0-0: Ball
1-0: Ball
2-0: Ball
3-0: Base on Balls
Batting: LHB Henry Huezo 0-0: Sac Bunt to 13S - play at first, batter OUT! 1-3
Christian Gentille to second
Batting: RHB Francisco Valenzuela 0-0: Intentional Walk
Pinch Hitting: SHB Brent King 0-0: Ball
1-0: Ball
2-0: Ball
3-0: Base on Balls
Christian Gentille to third
Francisco Valenzuela to second
Batting: SHB Emmet Brickowski 0-0: Foul Ball, location: 2F
0-1: Grounds into fielders choice 4-2 (Groundball, 4, EV 101.9 MPH)
Francisco Valenzuela to third
Brent King to second
Batting: RHB Torquato Uso 0-0: SINGLE (Line Drive, 34D, EV 96.2 MPH)
Francisco Valenzuela scores
Brent King to third
Emmet Brickowski to second
Runner from 3rd tries for Home, throw by RF and OUT! 9-2
Bottom of the 7th over - 1 run, 1 hit, 0 errors, 2 left on base; Portland 1 - Miami Beach 2
TOP OF THE 8TH
Portland Angels batting - Pitching for Miami Beach Marlins : RHP Freddie Robe
Now at 1B: Kazumi Inouye
Pinch Hitting: RHB Joe Hewitt 0-0: Fly out, F8 (Flyball, 78D, EV 106.9 MPH)
Batting: LHB Pavla Markianov 0-0: Fly out, F9 (Flyball, 89M, EV 88.1 MPH)
Batting: RHB Kyler Seitz 0-0: Ball
1-0: Ball
2-0: Ball
3-0: Called Strike
3-1: Swinging Strike
3-2: Foul Ball, location: 2F
3-2: SOLO HOME RUN (Flyball, 7LD, EV 98.8 MPH), Distance : 358 ft
Pitching: RHP Willie Mojica
Batting: LHB John Harvey 0-0: Called Strike
0-1: Ball
1-1: Swinging Strike
1-2: Ball
2-2: Ball
3-2: Base on Balls
Batting: RHB Jesse Sargent 0-0: Called Strike
0-1: Foul Ball, location: 2F
0-2: Ball
1-2: Strikes out looking
Top of the 8th over - 1 run, 1 hit, 0 errors, 1 left on base; Portland 2 - Miami Beach 2
BOTTOM OF THE 8TH
Miami Beach Marlins batting - Pitching for Portland Angels : RHP David Celestine
Pitching: LHP Frank Comerford
Now in LF: Joe Hewitt
Now in CF: Ivan Barrientos
Now in RF: David Coatney
Batting: LHB Luis Ortegon 0-0: Foul Ball, location: 2F
0-1: Ball
1-1: SINGLE (Line Drive, 7S, EV 86.2 MPH)
Pitching: RHP Marcell Luciano
Batting: RHB Scott Talbot 0-0: Called Strike
0-1: Ball
1-1: Fly out, F9 (Flyball, 89M, EV 98.8 MPH)
Batting: LHB Takao Ogura 0-0: Ball
1-0: Ball
2-0: Called Strike
2-1: Fly out, F9 (Flyball, 9LD, EV 85.0 MPH)
Pinch Hitting: RHB Orlando Melendres 0-0: Swinging Strike
0-1: Swinging Strike
0-2: Strikes out looking
Bottom of the 8th over - 0 runs, 1 hit, 0 errors, 1 left on base; Portland 2 - Miami Beach 2
TOP OF THE 9TH
Portland Angels batting - Pitching for Miami Beach Marlins : RHP Willie Mojica
Now in LF: Josh Jones
Batting: RHB Scott Webb 0-0: Called Strike
0-1: Called Strike
0-2: SINGLE (Groundball, 56, EV 104.4 MPH)
Pinch Hitting: RHB Brian Bonin 0-0: Sac Bunt to 2L - play at first, batter OUT! 2-3
Scott Webb to second
Pinch Hitting: LHB Miguel Hernandez 0-0: Foul Ball, location: 2F
0-1: Called Strike
0-2: Ball
1-2: Strikes out swinging
Batting: RHB Ivan Barrientos 0-0: Ball
1-0: Ball
2-0: Ball
3-0: Called Strike
3-1: Base on Balls
Batting: RHB Joe Hewitt 0-0: Ball
1-0: Called Strike
1-1: Foul Ball, location: 2F
1-2: Fly out, F8 (Flyball, 89M, EV 86.9 MPH)
Top of the 9th over - 0 runs, 1 hit, 0 errors, 2 left on base; Portland 2 - Miami Beach 2
BOTTOM OF THE 9TH
Miami Beach Marlins batting - Pitching for Portland Angels : RHP Marcell Luciano
Now at C: Brian Bonin
Now in CF: Miguel Hernandez
Now in RF: Ivan Barrientos
Pinch Hitting: RHB Mario Cota 0-0: Called Strike
0-1: Ball
1-1: Foul Ball, location: 2F
1-2: Strikes out looking
Pinch Hitting: RHB Troy Bush 0-0: Ground out 6-3 (Groundball, 6MD, EV 91.9 MPH)
Batting: RHB Kazumi Inouye 0-0: Ball
1-0: Ground out 5-3 (Groundball, 5, EV 98.1 MPH)
Bottom of the 9th over - 0 runs, 0 hits, 0 errors, 0 left on base; Portland 2 - Miami Beach 2
TOP OF THE 10TH
Portland Angels batting - Pitching for Miami Beach Marlins : RHP Willie Mojica
Pitching: RHP Kyle Beabout
Now at C: Mario Cota
Now in CF: Cody Leonard
Batting: LHB Pavla Markianov 0-0: Foul Ball, location: 2F
0-1: Ball
1-1: Foul Ball, location: 2F
1-2: Foul Ball, location: 2F
1-2: Ball
2-2: Foul Ball, location: 2F
2-2: Ball
3-2: Foul Ball, location: 2F
3-2: Foul Ball, location: 2F
3-2: Fly out, F8 (Flyball, 8RD, EV 99.4 MPH)
Batting: RHB Kyler Seitz 0-0: Called Strike
0-1: Foul Ball, location: 2F
0-2: Ball
1-2: Ball
2-2: Ball
3-2: Base on Balls
Pinch Hitting: SHB Cesar Carrasquillo 0-0: Ball
1-0: Fly out, F8 (Flyball, 8LXD, EV 91.9 MPH)
Batting: RHB Jesse Sargent 0-0: Called Strike
0-1: Ball
1-1: Ball
2-1: Foul Ball, location: 2F
2-2: Fielders Choice at 2nd, 5-4 (Groundball, 56, EV 83.1 MPH)
Top of the 10th over - 0 runs, 0 hits, 0 errors, 1 left on base; Portland 2 - Miami Beach 2
BOTTOM OF THE 10TH
Miami Beach Marlins batting - Pitching for Portland Angels : RHP Marcell Luciano
Pitching: LHP Alejandro Jimenez
Now at 2B: Cesar Carrasquillo
Batting: SHB Emmet Brickowski 0-0: Swinging Strike
0-1: Called Strike
0-2: Strikes out swinging
Batting: RHB Torquato Uso 0-0: SINGLE (Groundball, 6S, EV 73.1 MPH) (infield hit)
Batting: LHB Luis Ortegon 0-0: Called Strike
0-1: Ball
Torquato Uso is caught stealing 2nd base 2-6
1-1: SINGLE (Line Drive, 56D, EV 95.0 MPH)
Batting: RHB Scott Talbot 0-0: Called Strike
0-1: Ball
1-1: Ball
2-1: Foul Ball, location: 2F
2-2: Foul Ball, location: 2F
2-2: Foul Ball, location: 2F
2-2: Foul Ball, location: 2F
2-2: Ball
3-2: Ground out 6-3 (Groundball, 6M, EV 85.0 MPH)
Bottom of the 10th over - 0 runs, 2 hits, 0 errors, 1 left on base; Portland 2 - Miami Beach 2
TOP OF THE 11TH
Portland Angels batting - Pitching for Miami Beach Marlins : RHP Kyle Beabout
Batting: RHB Scott Webb 0-0: Ball
1-0: Ball
2-0: SINGLE (Groundball, 6D, EV 98.1 MPH)
Batting: RHB Brian Bonin 0-0: Bunted foul
0-1: Ball
1-1: Sac Bunt to 13 - play at first, batter OUT! 1-3
Scott Webb to second
Pinch Hitting: RHB Jose Garduno 0-0: Ball
1-0: Called Strike
1-1: Ball
2-1: Ball
3-1: Called Strike
3-2: Strikes out swinging
Batting: RHB Ivan Barrientos 0-0: Ball
1-0: Ball
2-0: Fly out, F5 (Popup, 5, EV 58.1 MPH)
Top of the 11th over - 0 runs, 1 hit, 0 errors, 1 left on base; Portland 2 - Miami Beach 2
BOTTOM OF THE 11TH
Miami Beach Marlins batting - Pitching for Portland Angels : LHP Alejandro Jimenez
Now in CF: Dan Contreras
Batting: LHB Takao Ogura 0-0: Called Strike
0-1: Ball
1-1: Foul Ball, location: 2F
1-2: Foul Ball, location: 2F
1-2: Foul Ball, location: 2F
1-2: Ball
2-2: SINGLE (Groundball, 4M, EV 78.1 MPH) (infield hit)
Batting: RHB Josh Jones 0-0: Called Strike
0-1: Fielders Choice at 2nd, 1-6 (Groundball, 13, EV 72.5 MPH)
Batting: RHB Mario Cota 0-0: Foul Ball, location: 2F
0-1: Ball
1-1: DOUBLE (Line Drive, 89D, EV 104.4 MPH)
Josh Jones to third
Batting: RHB Cody Leonard 0-0: Ball
1-0: Foul Ball, location: 2F
1-1: Fly out, F9 (Line Drive, 9, EV 93.8 MPH)
Batting: RHB Kazumi Inouye 0-0: Ball
1-0: Called Strike
1-1: Ground out U3 (Groundball, 3, EV 89.4 MPH)
Bottom of the 11th over - 0 runs, 2 hits, 0 errors, 2 left on base; Portland 2 - Miami Beach 2
TOP OF THE 12TH
Portland Angels batting - Pitching for Miami Beach Marlins : RHP Kyle Beabout
Pitching: RHP Konoye Murakami
Batting: RHB Joe Hewitt 0-0: Ball
1-0: Foul Ball, location: 2F
1-1: Ball
2-1: Ball
3-1: Ground out U3 (Groundball, 3L, EV 88.8 MPH)
Batting: LHB Pavla Markianov 0-0: Ball
1-0: Foul Ball, location: 2F
1-1: Swinging Strike
1-2: Ball
2-2: Foul Ball, location: 2F
2-2: Ball
3-2: Base on Balls
Batting: RHB Kyler Seitz 0-0: Ball
1-0: Called Strike
1-1: Foul Ball, location: 2F
1-2: Ball
2-2: Ball
3-2: Foul Ball, location: 2F
3-2: Ground out 5-3 (Groundball, 56S, EV 76.2 MPH)
Pavla Markianov to second
Batting: SHB Cesar Carrasquillo 0-0: Intentional Walk
Batting: RHB Jesse Sargent 0-0: Called Strike
0-1: Fly out, F9 (Flyball, 9, EV 82.5 MPH)
Top of the 12th over - 0 runs, 0 hits, 0 errors, 2 left on base; Portland 2 - Miami Beach 2
BOTTOM OF THE 12TH
Miami Beach Marlins batting - Pitching for Portland Angels : LHP Alejandro Jimenez
Pitching: LHP Jim Roney
Batting: SHB Emmet Brickowski 0-0: Called Strike
0-1: Ball
1-1: Called Strike
1-2: Foul Ball, location: 2F
1-2: Strikes out looking
Batting: RHB Torquato Uso 0-0: Ball
1-0: Ball
2-0: Ball
3-0: Called Strike
3-1: Foul Ball, location: 2F
3-2: Base on Balls
Batting: LHB Luis Ortegon 0-0: Ball
1-0: Ball
2-0: Called Strike
2-1: Ball
Torquato Uso steals 2nd base
3-1: Called Strike
3-2: Strikes out swinging
Batting: RHB Scott Talbot 0-0: Intentional Walk
Batting: LHB Takao Ogura 0-0: Ground out 6-3 (Groundball, 6M, EV 88.8 MPH)
Bottom of the 12th over - 0 runs, 0 hits, 0 errors, 2 left on base; Portland 2 - Miami Beach 2
TOP OF THE 13TH
Portland Angels batting - Pitching for Miami Beach Marlins : RHP Konoye Murakami
Batting: RHB Scott Webb 0-0: Called Strike
0-1: Foul Ball, location: 2F
0-2: Strikes out swinging
Batting: RHB Brian Bonin 0-0: SINGLE (Line Drive, 56, EV 95.6 MPH)
Batting: RHB Dan Contreras 0-0: 2-RUN HOME RUN (Flyball, 89XD, EV 115.0 MPH), Distance : 441 ft
Batting: RHB Ivan Barrientos 0-0: Called Strike
0-1: Ball
1-1: Swinging Strike
1-2: Fly out, F7 (Line Drive, 78M, EV 101.9 MPH)
Pitching: LHP Tom Boyko
Batting: RHB Joe Hewitt 0-0: Ball
1-0: Ball
2-0: Ball
3-0: Base on Balls
Batting: LHB Pavla Markianov 0-0: Ball
1-0: Foul Ball, location: 2F
1-1: Foul Ball, location: 2F
1-2: Strikes out looking
Top of the 13th over - 2 runs, 2 hits, 0 errors, 1 left on base; Portland 4 - Miami Beach 2
BOTTOM OF THE 13TH
Miami Beach Marlins batting - Pitching for Portland Angels : LHP Jim Roney
Batting: RHB Josh Jones 0-0: Ground out 4-3 (Groundball, 4, EV 83.8 MPH)
Batting: RHB Mario Cota 0-0: Called Strike
0-1: Ball
1-1: Ball
2-1: Ball
3-1: Base on Balls
Pinch Hitting: RHB Melvin Nava 0-0: Ball
1-0: Called Strike
1-1: Foul Ball, location: 2F
1-2: Strikes out looking
Batting: RHB Kazumi Inouye 0-0: Ball
1-0: Ball
2-0: 2-RUN HOME RUN (Flyball, 78XD, EV 110.0 MPH), Distance : 444 ft
Batting: SHB Emmet Brickowski 0-0: Ball
1-0: Called Strike
1-1: Hit by Pitch
Batting: RHB Torquato Uso 0-0: Called Strike
0-1: Ball
1-1: Ball
2-1: Fly out, F7 (Flyball, 7LS, EV 91.9 MPH)
Bottom of the 13th over - 2 runs, 1 hit, 0 errors, 1 left on base; Portland 4 - Miami Beach 4
TOP OF THE 14TH
Portland Angels batting - Pitching for Miami Beach Marlins : LHP Tom Boyko
Now in LF: Xin Zhang
Now in CF: Josh Jones
Batting: RHB Kyler Seitz 0-0: Foul Ball, location: 2F
0-1: Foul Ball, location: 2F
0-2: Foul Ball, location: 2F
0-2: Ball
1-2: Ball
2-2: Ball
3-2: Foul Ball, location: 2F
3-2: Fly out, F8 (Flyball, 8LXD, EV 100.6 MPH)
Batting: SHB Cesar Carrasquillo 0-0: Ball
1-0: Ground out 6-3 (Groundball, 6, EV 86.2 MPH)
Pitching: LHP Matt Rielly
Batting: RHB Jesse Sargent 0-0: Called Strike
0-1: Foul Ball, location: 2F
0-2: DOUBLE (Flyball, 8RD, EV 92.5 MPH)
Batting: RHB Scott Webb 0-0: Ball
1-0: Ball
2-0: Foul Ball, location: 2F
2-1: Ball
3-1: Base on Balls
Batting: RHB Brian Bonin 0-0: Ball
1-0: Ball
2-0: Ball
3-0: Base on Balls
Jesse Sargent to third
Scott Webb to second
Batting: RHB Dan Contreras 0-0: Swinging Strike
0-1: Called Strike
0-2: Ball
1-2: Strikes out swinging
Top of the 14th over - 0 runs, 1 hit, 0 errors, 3 left on base; Portland 4 - Miami Beach 4
BOTTOM OF THE 14TH
Miami Beach Marlins batting - Pitching for Portland Angels : LHP Jim Roney
Batting: LHB Luis Ortegon 0-0: Ball
1-0: Called Strike
1-1: Foul Ball, location: 2F
1-2: Foul Ball, location: 2F
1-2: Ball
2-2: Ball
3-2: DOUBLE (Flyball, 8LXD, EV 108.1 MPH)
Batting: RHB Scott Talbot 0-0: Intentional Walk
Batting: LHB Takao Ogura 0-0: Fielders Choice at 2nd, 3-6 (Groundball, 3, EV 102.5 MPH)
Luis Ortegon to third
Pitching: LHP Willie Valenzuela
Batting: RHB Josh Jones 0-0: Foul Ball, location: 2F
0-1: Fielders Choice at home, 5-2 (Groundball, 5S, EV 89.4 MPH)
Takao Ogura to second
Batting: RHB Mario Cota 0-0: Ball
1-0: Ball
2-0: Foul Ball, location: 2F
2-1: Foul Ball, location: 2F
2-2: SINGLE (Groundball, 6MD, EV 93.8 MPH)
Takao Ogura to third
Josh Jones to second
Runner from 3rd tries for Home, SAFE, throw by CF to home
Bottom of the 14th over - 1 run, 2 hits, 0 errors, 2 left on base; Portland 4 - Miami Beach 5
Tuesday, March 28th , 2023 - OOTP Baseball 23.10 Build 110